 Dungeon Crawl Stone Soup version 0.30.0 (webtiles) character file.

Game seed: 14081146447830596289

27 PiratePeteNZ the Trooper (level 3, 0/33 HPs)
             Began as a Hill Orc Fighter on May 20, 2023.
             Slain by a gnoll
             ... wielding a +0 spear
              (3 damage)
             ... on level 2 of the Dungeon.
             The game lasted 00:02:47 (1108 turns).

PiratePeteNZ the Trooper (Hill Orc Fighter)         Turns: 1108, Time: 00:02:48

Health: 0/33       AC:  8    Str: 20    XL:     3   Next: 10%
Magic:  3/3        EV:  5    Int:  8    God:
Gold:   22         SH:  0    Dex: 10    Spells: 2/2 levels left

rFire   . . .        a - +0 war axe
rCold   . . .        c - +0 buckler
rNeg    . . .        b - +0 scale mail
rPois   .            (no helmet)
rElec   .            (no cloak)
rCorr   .            f - +0 pair of gloves
SInv    .            (no boots)
Will    .....        (no amulet) Stlth
                     (no ring)
HPRegen 0.25/turn    (no ring)
MPRegen 0.08/turn

%: no passive effects
@: held
A: no striking features
a: no special abilities


You were on level 2 of the Dungeon.
You visited 1 branch of the dungeon, and saw 2 of its levels.

You collected 22 gold pieces.

Inventory:

Hand Weapons
 a - a +0 war axe (weapon)
Missiles
 h - 3 poisoned darts (quivered)
Armour
 b - a +0 scale mail (worn)
 c - a +0 buckler (worn)
 f - a +0 pair of gloves (worn)
Scrolls
 i - a scroll of teleportation {unknown}
 j - a scroll of identify {unknown}
Potions
 d - a potion of might
 e - a potion of mutation {unknown}
 g - a potion of magic {unknown}


   Skills:
 + Level 4.0 Fighting
 + Level 3.2 Axes
 + Level 3.7 Armour
 + Level 3.6 Shields


You had 2 spell levels left.
You didn't know any spells.
Your spell library contained the following spells:

 Spells                   Type           Power      Damage    Failure   Level
 Sandblast                Erth           0%         2d4       83%         1
 Slow                     Hex            0%         N/A       83%         1
 Passwall                 Tmut/Erth      0%         N/A       92%         2
 Confusing Touch          Hex            0%         N/A       99%         3
 Stone Arrow              Conj/Erth      0%         3d7       99%         3
 Vampiric Draining        Necr           0%         2d6       99%         3


Dungeon Overview and Level Annotations

Branches:
Dungeon (2/15)

Altars:

Shops:
D:1 ::


Message History

There is an open door here.
There is an open door here.
You open the door.
There is an open door here.
There is an entrance to Jawnalo's Book Shoppe here.
There is an open door here.
You open the door.
There is an open door here.
You open the door.
There is an open door here.
You now have 22 gold pieces (gained 16).
You pick up a book of Geomancy and begin reading...
You add the spells Sandblast, Passwall and Stone Arrow to your library.
j - a scroll labelled RERPHO ZEINKE Done exploring.
Done exploring.
You see here a +0 club.
There is a stone staircase leading down here.
You climb downwards.
There is a stone staircase leading up here.
Found a stone staircase leading down. 3 gnolls come into view.
The gnoll shouts! x3; You hear a shout!
The gnoll throws a throwing net.
The throwing net hits you.
You become entangled in the net!
The gnoll moves out of view.
You see here a throwing net.
The gnoll barely misses you. The gnoll completely misses you.
The gnoll hits you but does no damage. The gnoll hits you with a +0 flail.
The gnoll barely misses you. The gnoll hits you with a +0 whip.
The gnoll hits you with a +0 flail!
You struggle against the net.
The gnoll hits you but does no damage. The gnoll hits you with a +0 whip.
The gnoll hits you with a +0 flail.
* * * LOW HITPOINT WARNING * * *
You struggle against the net.
The gnoll hits you but does no damage. The gnoll barely misses you.
The gnoll hits you with a +0 whip.
* * * LOW HITPOINT WARNING * * *
You struggle against the net.
The gnoll hits you from afar with a +0 spear.
You die...

#.#.. #.#.. .
#.#.##
..###+#....
..........######
..........#.<..#
.>........####.#
#...gg........#
#...!g@.#######
#.............
...............
##.......######
#.......#
#.......#
#.......#
#########


You could see 3 gnolls.

Vanquished Creatures
  A dart slug (D:1)
  4 endoplasms (D:1)
  A giant cockroach (D:1)
  4 goblins (D:1)
  2 hobgoblins (D:1)
  2 kobolds (D:1)
  2 quokkas (D:1)
  2 bats (D:1)
  A frilled lizard (D:1)
  2 rats (D:1)
21 creatures vanquished.

Notes
Turn   | Place    | Note
-------+----------+-------------------------------------------
     0 | D:1      | PiratePeteNZ the Hill Orc Fighter began the quest for the
                  | Orb.
     0 | D:1      | Reached XP level 1. HP: 19/19 MP: 1/1
   288 | D:1      | Found Zudoux's Book Shoppe.
   294 | D:1      | Reached XP level 2. HP: 27/27 MP: 2/2
   602 | D:1      | Reached skill level 4 in Fighting
   658 | D:1      | Reached XP level 3. HP: 33/33 MP: 3/3
   841 | D:1      | Found Jawnalo's Book Shoppe.
  1108 | D:2      | Slain by a gnoll

Illustrated notes

Levels and vault maps discovered:
D:1:      dreamdust_arrival_beginning_and_end, layout_basic, serial_shops,
          nicolae_shop_real_fake_doors, nicolae_shop_peninsula, minivault_24
D:2:      layout_basic, hangedman_feature_mirror

Skill      XL: |  1  2 |
---------------+-------+-----
Axes           | 3 |  3.2
Fighting       | 4 |  4.0
Armour         | |  3.7
Shields        | |  3.6

Action                     || total
---------------------------++-------
  Melee: War axe           ||    49
 Armour: Scale mail        ||    23
  Dodge: Dodged            ||    28
  Block: Buckler           ||     6
